 Dungeon Crawl Stone Soup version 0.26-a0-661-g406de6ba63 (webtiles) character file.

Game seed: 14249198267945856555

13717 robertstho the Summoner (level 12, -12/89 HPs)
             Began as a Gnoll Summoner on Oct 8, 2020.
             Was an Elder of Sif Muna.
             Hit by a large rock thrown by a stone giant (53 damage)
             ... in a volcano.
             The game lasted 00:51:31 (15498 turns).

robertstho the Summoner (Gnoll Summoner)           Turns: 15498, Time: 00:51:35

Health: -12/89     AC:  7    Str: 15    XL:     12   Next: 8%
Magic:  7/42       EV: 18    Int: 26    God:    Sif Muna [****..]
Gold:   475        SH:  6    Dex: 16    Spells: 5/28 levels left

rFire    + . .     SeeInvis .   Q - +1 scimitar (elec)
rCold    . . .     Faith    .   i - +0 buckler of the Unstoppable Hells {*Slow rPois Int+2}
rNeg     + . .     Spirit   .   a - +0 robe
rPois    +         Reflect  .   Z - +0 hat of Edor {rN+ Str+4 Int+2} (curse)
rElec    .         Harm     .   E - +1 cloak
rCorr    .         Rampage  .   M - +1 pair of gloves "Suefalla" {rF+ MP+9}
MR       .....                  (no boots)
Stlth    ++++......             J - amulet of the acrobat
HPRegen  0.24/turn              T - ring of magical power
MPRegen  0.28/turn              H - ring of wizardry

@: no status effects
A: distributed training, fangs 1, strong nose
a: Channel Magic, Forget Spell, Divine Exegesis, Renounce Religion


You were in a volcano.
You worshipped Sif Muna.
Sif Muna was greatly pleased with you.
You visited 3 branches of the dungeon, and saw 13 of its levels.
You also visited: Volcano.

You collected 930 gold pieces.
You spent 455 gold pieces at shops.

Inventory:

Hand Weapons
 b - a +2 vorpal halberd
 N - a +0 scimitar of flaming
 Q - a +1 scimitar of electrocution (weapon)
Missiles
 Y - 6 curare-tipped darts (quivered)
Armour
 a - a +0 robe (worn)
 g - the +3 pair of gloves of Atheism {rCorr Dex+4}
   (You found it on level 11 of the Dungeon)

   It affects your dexterity (+4).
   It provides partial protection from all sources of acid and corrosion.
 i - the +0 buckler of the Unstoppable Hells (worn) {*Slow rPois Int+2}
   (You took it off Sonja on level 10 of the Dungeon)

   It affects your intelligence (+2).
   It protects you from poison.
   It may slow you when you take damage.
 n - a +4 ring mail of poison resistance
 C - the +2 pair of gloves of the Sparrow {MR+}
   (You found it on level 11 of the Dungeon)

   It affects your resistance to hostile enchantments.
 E - a +1 cloak (worn)
 M - the +1 pair of gloves "Suefalla" (worn) {rF+ MP+9}
   (You found it on level 9 of the Dungeon)

   It protects you from fire.
   It affects your magic capacity (+9).
 W - a +1 robe of cold resistance
 Z - the cursed +0 hat of Edor (worn) {rN+ Str+4 Int+2}
   (You found it on level 11 of the Dungeon)

   It affects your strength (+4).
   It affects your intelligence (+2).
   It protects you from negative energy.
   It has a curse placed upon it.
Jewellery
 o - an uncursed ring of protection from magic
 x - an uncursed amulet of regeneration
 y - an uncursed ring of fire
 H - a ring of wizardry (right hand)
 I - the brooch of Shielding {Spirit SH+8}
   (You found it on level 11 of the Dungeon)

   [amulet of guardian spirit]

   It causes incoming damage to be split between your health and magic.
   It affects your SH (+8).
 J - an amulet of the acrobat (around neck)
 P - the ring "Ydghataq" {rC+ rN+++ MP-9 AC+4 Str-4}
   (You took it off an efreet on level 11 of the Dungeon)

   [ring of protection]

   It affects your AC (+4).
   It affects your strength (-4).
   It protects you from cold.
   It renders you almost immune to negative energy.
   It affects your magic capacity (-9).
 R - an uncursed ring of fire
 T - a ring of magical power (left hand)
 V - a +6 ring of intelligence
Wands
 j - a wand of iceblast (8)
 L - a wand of flame (19)
 S - a wand of disintegration (5)
Scrolls
 c - a scroll of noise {unknown}
 e - 5 scrolls of enchant armour
 h - 5 scrolls of remove curse
 m - 2 scrolls of magic mapping
 p - 3 scrolls of acquirement {unknown}
 q - 4 scrolls of blinking {unknown}
 r - 3 scrolls of random uselessness {unknown}
 s - 5 scrolls of teleportation {unknown}
 t - 2 scrolls of immolation {unknown}
 w - 4 scrolls of fear {unknown}
 z - 3 scrolls of enchant weapon
 F - 4 scrolls of fog
 K - a scroll of summoning
Potions
 d - 3 potions of might
 f - 3 potions of stabbing
 k - 7 potions of curing
 l - 4 potions of heal wounds
 u - 2 potions of berserk rage
 v - 3 potions of mutation
 A - 3 potions of flight
 B - a potion of ambrosia
 D - a potion of brilliance
 G - 2 potions of magic


   Skills:
 + Level 6.9 Fighting
 + Level 6.9 Short Blades
 + Level 6.9 Long Blades
 + Level 6.9 Axes
 + Level 6.9 Maces & Flails
 + Level 6.9 Polearms
 + Level 6.9 Staves
 + Level 6.9 Slings
 + Level 6.9 Bows
 + Level 6.9 Crossbows
 + Level 6.9 Throwing
 + Level 6.9 Armour
 + Level 8.4 Dodging
 + Level 8.2 Stealth
 + Level 6.9 Shields
 + Level 6.9 Unarmed Combat
 + Level 8.6 Spellcasting
 + Level 5.7 Conjurations
 + Level 5.7 Hexes
 + Level 9.2 Summonings
 + Level 5.7 Necromancy
 + Level 5.7 Translocations
 + Level 5.7 Transmutations
 + Level 5.7 Fire Magic
 + Level 5.7 Ice Magic
 + Level 5.7 Air Magic
 + Level 5.7 Earth Magic
 + Level 5.7 Poison Magic
 + Level 7.6 Invocations
 + Level 6.9 Evocations


You had 5 spell levels left.
You knew the following spells:

 Your Spells              Type           Power        Failure   Level
a - Summon Small Mammal   Summ           ####         1%          1
b - Call Imp              Summ           ######..     1%          2
c - Call Canine Familiar  Summ           ######..     1%          3
d - Summon Guardian Gole  Hex/Summ       ######..     1%          3
e - Summon Ice Beast      Ice/Summ       ######..     1%          4
f - Summon Lightning Spi  Summ/Air       ######..     1%          4
g - Airstrike             Air            #####.....   1%          4
h - Swiftness             Air            #####...     1%          2

Your spell library contained the following spells:

 Spells                   Type           Power        Failure   Level
 Shock                    Conj/Air       ####         1%          1
 Static Discharge         Conj/Air       #####...     1%          3
 Lightning Bolt           Conj/Air       #####.....   6%          5
 Silence                  Hex/Air        #####.....   6%          5
 Conjure Ball Lightning   Conj/Air       #####.....   28%         6
 Tornado                  Air            #####.....   100%        9


Dungeon Overview and Level Annotations

Branches:
Dungeon (11/15)            Temple (1/1) D:5            Lair (1/6) D:11
    Orc (0/2) D:10        Volcano (1/1)

Altars:
Ashenzari
Cheibriados
Dithmenos
Elyvilon
Fedhas
Gozag
Hepliaklqana
Kikubaaqudgha
Makhleb
Nemelex Xobeh
Okawaru
Qazlal
Ru
Sif Muna
Trog
Uskayaw
Vehumet
Wu Jian
Xom
Yredelemnul
Zin
The Shining One
Beogh

Shops:
D:5 !   D:7 !


Innate Abilities, Weirdness & Mutations

Your experience applies equally to all skills.
You have very sharp teeth.
Your uncanny sense of smell can sniff out nearby items.


Message History

Evoke which item? (* to show all) (? for menu, Esc to quit)
Aiming: Iceblast
Press: ? - help, Shift-Dir - straight line, f - efreet
Aim: an efreet, wielding a +0 scimitar of flaming (heavily wounded) Really fire at your ice beast?
Okay, then.
Evoke which item? (* to show all) (? for menu, Esc to quit)
Aiming: Disintegrate
Press: ? - help, Shift-Dir - straight line, f/p - efreet
Aim: an efreet, wielding a +0 scimitar of flaming (heavily wounded, chance to defeat MR: 86%)
The efreet is blasted!!
Your ice beast hits the stone giant.
Your ice beast freezes the stone giant!
Your ice beast hits the efreet.
Your ice beast freezes the efreet!!
The efreet is frozen!
The efreet dies!
Sif Muna accepts your kill.
The stone giant throws a large rock.
The large rock completely misses your wolf.
The large rock hits you!!!
Ouch! That really hurt!
You die...

... ∆#...≈≈≈§≈≈≈§≈≈≈
.C.# #...≈≈§§≈§≈≈≈≈≈
...# ##...§§§≈≈≈§≈≈§
#..# ###..≈§≈§≈§§≈≈
#..## ##..§≈≈≈§≈≈≈ ∆
#.Y## ###..≈≈≈§§§§≈
∆∆
#C.###8....≈≈§≈≈§≈
∆∆#h)8.......≈§§§≈§≈
∆∆
#@Y###8.....§§≈≈≈§ ∆
#..## ####.....≈.≈§
#).## #.##......
#○Y# ####§##### ...#
### ...# #... ∆ #..


You could see a stone giant, 3 friendly ice beasts, a friendly wolf (summoned)
and a friendly lightning spire (summoned).

Vanquished Creatures
  Pikel (D:9)
  Maggie (D:8)
  6 fire bats (Volcano)
  A wyvern (D:9)
  A water moccasin (D:7)
  A nameless horror (D:8)
  A hell hound (Lair:1)
  An ice beast (D:10)
  An orc warrior (D:10)
  A black bear (D:8)
  An ogre (D:9)
  A centaur (D:11)
  A bullfrog (D:9)
  A wyvern skeleton (D:8)
  2 scorpions (D:11)
  A wight (D:8)
  5 lava snakes (Volcano)
  2 hounds
  3 orc priests
  5 orc wizards
  Crazy Yiuf (D:7)
  A centaur skeleton (D:10)
  A worker ant (D:11)
  A hound skeleton (D:11)
  2 adders
  An adder skeleton (D:8)
  A leopard gecko (D:5)
  10 orcs
  5 bats
  3 hobgoblins
  5 kobolds
  2 quokkas
  A ball python (D:5)
  3 frilled lizards
  A rat (D:3)
75 creatures vanquished.

Vanquished Creatures (collateral kills)
  Snorg (D:10)
  Harold (D:8)
  A hydra (Lair:1)
  Fannar (D:10)
  A centaur warrior (D:11)
  2 two-headed ogres (D:11)
  Sonja (D:10)
  The ghost of wqewqe the Cleaver, a novice DDFi of Ru (D:11)
  3 unseen horrors
  An orc knight (D:11)
  2 ugly things (D:11)
  2 cyclopes (D:11)
  2 gargoyles
  A cane toad (Lair:1)
  2 komodo dragons (Lair:1)
  2 kobold demonologists (D:8)
  3 efreet
  2 trolls (D:11)
  2 slime creatures (D:5)
  8 yaks
  A shadow (D:11)
  Eustachio (D:5)
  2 fire elementals (Volcano)
  A wyvern (D:11)
  2 chaos spawn (D:10)
  Menkaure (D:5)
  A water moccasin (Lair:1)
  A hell hound (Lair:1)
  2 orc warriors (D:11)
  An ice beast (D:11)
  A black bear (D:7)
  A hornet zombie (D:6)
  An eye of draining (D:7)
  A phantom (D:10)
  4 centaurs
  6 ogres
  A lemure (D:9)
  6 big kobolds
  6 bullfrogs
  2 gnoll sergeants (D:11)
  A wyvern zombie (D:7)
  2 wyvern skeletons
  4 scorpions
  4 killer bees (D:8)
  4 wights
  A howler monkey (D:11)
  2 lava snakes (Volcano)
  A quasit (D:10)
  A bullfrog zombie (D:11)
  A centaur zombie (D:11)
  7 hounds
  7 orc priests
  5 jellies
  2 bullfrog skeletons
  2 centaur skeletons
  Jessica (D:3)
  4 iguanas
  Ijyb (D:5)
  8 orc wizards
  7 worker ants
  A howler monkey zombie (D:9)
  A worker ant zombie (D:11)
  10 gnolls
  10 adders
  A shadow imp (D:9)
  A white imp (D:6)
  6 oozes (D:5)
  3 adder skeletons
  A worm (D:2)
  A dart slug (D:2)
  2 leopard geckos
  43 orcs
  3 ball pythons
  3 giant cockroaches
  5 goblins
  6 hobgoblins
  7 jackals
  15 kobolds
  A quokka (D:9)
  6 bats
  2 frilled lizards
  11 rats
285 creatures vanquished.

Vanquished Creatures (others)
  8 fungi (D:5)
  7 plants
  10 toadstools (D:5)
  2 withered plants (D:11)
27 creatures vanquished.

Grand Total: 387 creatures vanquished

Notes
Turn   | Place    | Note
-------+----------+-------------------------------------------
     0 | D:1      | robertstho the Gnoll Summoner began the quest for the Orb.
     0 | D:1      | Reached XP level 1. HP: 13/13 MP: 6/6
   322 | D:1      | Reached XP level 2. HP: 19/19 MP: 4/7
  1287 | D:2      | Found a blossoming altar of Fedhas.
  1506 | D:2      | Found a sacrificial altar of Ru.
  1513 | D:2      | Reached XP level 3. HP: 25/25 MP: 3/9
  1534 | D:2      | Reached skill level 5 in Spellcasting
  1552 | D:2      | Reached skill level 1 in Invocations
  1676 | D:2      | Reached skill level 1 in Fighting
  1676 | D:2      | Reached skill level 1 in Short Blades
  1676 | D:2      | Reached skill level 1 in Long Blades
  1676 | D:2      | Reached skill level 1 in Axes
  1676 | D:2      | Reached skill level 1 in Maces & Flails
  1676 | D:2      | Reached skill level 1 in Polearms
  1676 | D:2      | Reached skill level 1 in Staves
  1676 | D:2      | Reached skill level 1 in Slings
  1676 | D:2      | Reached skill level 1 in Bows
  1676 | D:2      | Reached skill level 1 in Crossbows
  1676 | D:2      | Reached skill level 1 in Throwing
  1676 | D:2      | Reached skill level 1 in Armour
  1676 | D:2      | Reached skill level 1 in Shields
  1676 | D:2      | Reached skill level 1 in Unarmed Combat
  1676 | D:2      | Reached skill level 1 in Evocations
  2170 | D:2      | Found a burning altar of Makhleb.
  2282 | D:2      | Reached XP level 4. HP: 32/32 MP: 8/11
  2734 | D:3      | Learned a level 2 spell: Call Imp
  2738 | D:3      | Learned a level 3 spell: Call Canine Familiar
  2742 | D:3      | Learned a level 3 spell: Summon Guardian Golem
  2747 | D:3      | Learned a level 4 spell: Summon Ice Beast
  3386 | D:3      | Noticed Jessica
  3393 | D:3      | Killed Jessica
  3393 | D:3      | Reached skill level 1 in Conjurations
  3393 | D:3      | Reached skill level 1 in Hexes
  3393 | D:3      | Reached skill level 1 in Necromancy
  3393 | D:3      | Reached skill level 1 in Translocations
  3393 | D:3      | Reached skill level 1 in Transmutations
  3393 | D:3      | Reached skill level 1 in Fire Magic
  3393 | D:3      | Reached skill level 1 in Ice Magic
  3393 | D:3      | Reached skill level 1 in Air Magic
  3393 | D:3      | Reached skill level 1 in Earth Magic
  3393 | D:3      | Reached skill level 1 in Poison Magic
  3721 | D:4      | Found a bloodstained altar of Trog.
  3781 | D:4      | Reached XP level 5. HP: 32/37 MP: 8/12
  4470 | D:5      | Entered Level 5 of the Dungeon
  4558 | D:5      | Noticed Menkaure
  4570 | D:5      | Killed Menkaure
  4570 | D:5      | Reached XP level 6. HP: 10/44 MP: 8/14
  4870 | D:5      | Reached skill level 5 in Dodging
  5007 | D:5      | Found a staircase to the Ecumenical Temple.
  5022 | Temple   | Entered the Ecumenical Temple
  5181 | D:5      | Found Ufooth's Distillery.
  5186 | D:5      | Bought a potion of curing for 39 gold pieces
  5186 | D:5      | Bought a potion of stabbing for 52 gold pieces
  5186 | D:5      | Bought a potion of berserk rage for 65 gold pieces
  5186 | D:5      | Bought a potion of curing for 39 gold pieces
  5211 | D:5      | Noticed Ijyb
  5279 | D:5      | Killed Ijyb
  5412 | D:5      | Reached XP level 7. HP: 39/50 MP: 2/15
  5531 | D:5      | Noticed a slime creature
  6010 | D:5      | Killed a slime creature
  6010 | D:5      | Reached skill level 5 in Stealth
  6012 | D:5      | Killed a slime creature
  6344 | D:5      | Noticed Eustachio
  6602 | D:5      | Learned a level 4 spell: Summon Lightning Spire
  6743 | D:5      | Killed Eustachio
  6900 | D:5      | Found a faded altar of an unknown god.
  6900 | D:5      | Found an iron altar of Okawaru.
  6905 | D:5      | Found a stormy altar of Qazlal.
  6909 | D:5      | Found a faded altar of an unknown god.
  6912 | D:5      | Found a shimmering altar of Xom.
  7040 | D:6      | Reached XP level 8. HP: 57/57 MP: 8/16
  7401 | D:6      | Found a shimmering blue altar of Sif Muna.
  7427 | D:6      | Became a worshipper of Sif Muna the Loreminder
  7820 | D:7      | Found Ulasuq's Distillery.
  7888 | D:7      | You fall into a shaft and drop 2 floors!
  7889 | D:9      | Noticed Pikel
  7914 | D:9      | Killed Pikel
  8052 | D:9      | Noticed a wyvern
  8067 | D:9      | Killed a wyvern
  8067 | D:9      | Reached XP level 9. HP: 41/65 MP: 7/18
  8155 | D:9      | Found a hide-covered altar of Uskayaw.
  8353 | D:9      | Got a pair of polished gloves
  8358 | D:9      | Identified the +1 pair of gloves "Suefalla" {rF+ MP+9} (You
                  | found it on level 9 of the Dungeon)
  8805 | D:8      | Noticed Harold
  8820 | D:8      | Killed Harold
  8820 | D:8      | Reached skill level 8 in Summonings
  8973 | D:8      | Reached * piety under Sif Muna
  9111 | D:8      | Noticed Maggie
  9117 | D:8      | Killed Maggie
  9122 | D:8      | Reached skill level 5 in Invocations
  9178 | D:8      | Noticed a kobold demonologist
  9180 | D:8      | Noticed a rust devil
  9188 | D:8      | Killed a kobold demonologist
  9193 | D:8      | Noticed a kobold demonologist
  9199 | D:8      | Noticed a rust devil
  9201 | D:8      | Noticed an ice devil
  9203 | D:8      | Killed a kobold demonologist
  9953 | D:7      | Reached XP level 10. HP: 73/73 MP: 20/20
  9975 | D:7      | Bought a potion of invisibility for 80 gold pieces
  9975 | D:7      | Bought a potion of mutation for 80 gold pieces
  9975 | D:7      | Bought a potion of resistance for 100 gold pieces
 10285 | D:7      | Found a runed translucent door.
 10286 | D:7      | Noticed Crazy Yiuf
 10603 | D:7      | Killed Crazy Yiuf
 10704 | D:10     | Entered Level 10 of the Dungeon
 10711 | D:10     | Reached ** piety under Sif Muna
 10717 | D:10     | Noticed Snorg
 10733 | D:10     | Killed Snorg
 10733 | D:10     | Reached skill level 5 in Fighting
 10733 | D:10     | Reached skill level 5 in Short Blades
 10733 | D:10     | Reached skill level 5 in Long Blades
 10733 | D:10     | Reached skill level 5 in Axes
 10733 | D:10     | Reached skill level 5 in Maces & Flails
 10733 | D:10     | Reached skill level 5 in Polearms
 10733 | D:10     | Reached skill level 5 in Staves
 10733 | D:10     | Reached skill level 5 in Slings
 10733 | D:10     | Reached skill level 5 in Bows
 10733 | D:10     | Reached skill level 5 in Crossbows
 10733 | D:10     | Reached skill level 5 in Throwing
 10733 | D:10     | Reached skill level 5 in Armour
 10733 | D:10     | Reached skill level 5 in Shields
 10733 | D:10     | Reached skill level 5 in Unarmed Combat
 10733 | D:10     | Reached skill level 5 in Evocations
 11009 | D:10     | Found a staircase to the Orcish Mines.
 11020 | D:10     | Found a roughly hewn altar of Beogh.
 11427 | D:10     | Noticed Fannar
 11458 | D:10     | Killed Fannar
 11588 | D:10     | Identified the +0 buckler of the Unstoppable Hells {*Slow
                  | rPois Int+2}
 11588 | D:10     | Noticed Sonja
 11612 | D:10     | Killed Sonja
 11806 | D:10     | Learned a level 4 spell: Airstrike
 11938 | D:10     | Found a shimmering altar of Xom.
 11939 | D:10     | Found the +7 mace of Variability {chain chaos}
 12143 | D:10     | Killed an unseen horror
 12448 | D:11     | Killed an unseen horror
 12449 | D:11     | Reached XP level 11. HP: 69/81 MP: 22/22
 12558 | D:11     | Noticed a cyclops
 12572 | D:11     | Noticed a white ugly thing
 12574 | D:11     | Killed a cyclops
 12590 | D:11     | Killed a white ugly thing
 12591 | D:11     | Reached skill level 5 in Conjurations
 12591 | D:11     | Reached skill level 5 in Hexes
 12591 | D:11     | Reached skill level 5 in Necromancy
 12591 | D:11     | Reached skill level 5 in Translocations
 12591 | D:11     | Reached skill level 5 in Transmutations
 12591 | D:11     | Reached skill level 5 in Fire Magic
 12591 | D:11     | Reached skill level 5 in Ice Magic
 12591 | D:11     | Reached skill level 5 in Air Magic
 12591 | D:11     | Reached skill level 5 in Earth Magic
 12591 | D:11     | Reached skill level 5 in Poison Magic
 12624 | D:11     | Noticed a cyclops
 12642 | D:11     | Noticed an orc knight
 12652 | D:11     | Killed a cyclops
 12864 | D:11     | Killed an orc knight
 13113 | D:11     | Identified the +6 fustibalus of Kanuawk {venom, rElec rF+}
 13141 | D:11     | Reached *** piety under Sif Muna
 13157 | D:11     | Identified the ring "Ydghataq" {rC+ rN+++ MP-9 AC+4 Str-4}
 13168 | D:11     | Noticed a two-headed ogre
 13173 | D:11     | Killed a two-headed ogre
 13301 | D:11     | Noticed a two-headed ogre
 13304 | D:11     | Killed a two-headed ogre
 13304 | D:11     | Reached skill level 9 in Summonings
 13534 | D:11     | Noticed a centaur warrior
 13545 | D:11     | Killed a centaur warrior
 13698 | D:11     | Killed an unseen horror
 13745 | D:11     | Noticed a brown ugly thing
 13752 | D:11     | Killed a brown ugly thing
 13856 | D:11     | Got a bloodstained hat
 13900 | D:11     | Identified the cursed +0 hat of Edor {rN+ Str+4 Int+2} (You
                  | found it on level 11 of the Dungeon)
 14014 | D:11     | Found a radiant altar of Vehumet.
 14014 | D:11     | Found a hazy altar of Hepliaklqana.
 14016 | D:11     | Found a shimmering altar of Xom.
 14016 | D:11     | Found a bloodstained altar of Trog.
 14057 | D:11     | Got a pair of steaming gloves
 14068 | D:11     | Identified the +2 pair of gloves of the Sparrow {MR+} (You
                  | found it on level 11 of the Dungeon)
 14073 | D:11     | Got a pair of slimy gloves
 14083 | D:11     | Identified the +3 pair of gloves of Atheism {rCorr Dex+4}
                  | (You found it on level 11 of the Dungeon)
 14284 | D:11     | Found a runed translucent door.
 14284 | D:11     | Noticed wqewqe's ghost (novice DDFi)
 14285 | D:11     | Found the brooch of Shielding {Spirit SH+8}
 14420 | D:11     | Found a staircase to the Lair.
 14660 | D:11     | Killed wqewqe's ghost
 14745 | Lair:1   | Entered Level 1 of the Lair of Beasts
 14749 | Lair:1   | Learned a level 2 spell: Swiftness
 14921 | Lair:1   | Noticed a five-headed hydra
 14932 | Lair:1   | Killed a five-headed hydra
 14956 | Lair:1   | Found a dark tunnel.
 14962 | Volcano  | Entered a volcano
 15195 | Volcano  | Reached XP level 12. HP: 89/89 MP: 22/24
 15400 | Volcano  | Reached **** piety under Sif Muna
 15487 | Volcano  | Noticed a stone giant
 15498 | Volcano  | Hit by a large rock thrown by a stone giant

Illustrated notes

Levels and vault maps discovered:
D:1:      minmay_arrival_four_loops, layout_basic, minmay_tetromino_s4
D:2:      layout_loops_ring, fedhas_ov_isle_minmay,
          lemuel_coloured_pillars_altar, nicolae_ru_great_annihilating_truth
D:3:      layout_basic, minmay_fountain_box, uniq_jessica
D:4:      layout_basic, lemuel_crystal_altar
D:5:      cheibrodos_fertilizer, layout_loops_cross,
          chequers_temple_overflow_minitemple, minmay_temple_entry_proselytizer,
          serial_shops, shop, dk_vineyard_2, uniq_ijyb, uniq_menkaure,
          uniq_eustachio
D:6:      layout_rooms, lemuel_round_altar
D:7:      layout_cave_pools, serial_shops, shop, nicolae_ossuary_entry_plus,
          nrook_loot_triangle, minmay_shattered_shrine, uniq_crazy_yiuf_cottage
D:8:      layout_cave_pools, uniq_maggie, uniq_harold
D:9:      layout_cave_pools, lemuel_round_altar, uniq_pikel
D:10:     layout_basic, minmay_orc_entry_temple_small,
          minmay_guarded_unrand_variability, uniq_snorg, uniq_sonja, uniq_fannar
D:11:     minmay_the_grid_octo_tiled_octocenter_mashed
          [minmay_the_grid_octo_vomiting_pacman, minmay_the_grid_octo_horde,
          minmay_the_grid_octo_shrine, minmay_the_grid_octo_clover,
          minmay_the_grid_octo_prize_square_snowflake,
          minmay_the_grid_square_5x5_minimal,
          minmay_the_grid_square_5x5_doubleslash,
          minmay_the_grid_square_5x5_bridge,
          minmay_the_grid_square_5x5_six_small], layout_irregular_city,
          lair_entry_dummy, gammafunk_ghost_grave
Temple:   jpeg_temple_clearing
Lair:1:   layout_gridlike, special_room [special_room_bee], enter_volcano_3
Volcano:  volcano_grotto [vgs_dualism]

Skill      XL: |  1  2  3  4  5  6  7  8  9 10 11 |
---------------+----------------------------------+-----
Spellcasting   | 5 6 7 8 |  8.6
Invocations    | 1 2 3 4 5 6 7 |  7.6
Fighting       | 1 2 3 4 5 6 |  6.9
Short Blades   | 1 2 3 4 5 6 |  6.9
Long Blades    | 1 2 3 4 5 6 |  6.9
Axes           | 1 2 3 4 5 6 |  6.9
Maces & Flails | 1 2 3 4 5 6 |  6.9
Polearms       | 1 2 3 4 5 6 |  6.9
Staves         | 1 2 3 4 5 6 |  6.9
Slings         | 1 2 3 4 5 6 |  6.9
Bows           | 1 2 3 4 5 6 |  6.9
Crossbows      | 1 2 3 4 5 6 |  6.9
Throwing       | 1 2 3 4 5 6 |  6.9
Armour         | 1 2 3 4 5 6 |  6.9
Shields        | 1 2 3 4 5 6 |  6.9
Unarmed Combat | 1 2 3 4 5 6 |  6.9
Evocations     | 1 2 3 4 5 6 |  6.9
Conjurations   | 1 2 3 4 5 |  5.7
Hexes          | 1 2 3 4 5 |  5.7
Necromancy     | 1 2 3 4 5 |  5.7
Translocations | 1 2 3 4 5 |  5.7
Transmutations | 1 2 3 4 5 |  5.7
Fire Magic     | 1 2 3 4 5 |  5.7
Ice Magic      | 1 2 3 4 5 |  5.7
Air Magic      | 1 2 3 4 5 |  5.7
Earth Magic    | 1 2 3 4 5 |  5.7
Poison Magic   | 1 2 3 4 5 |  5.7
Dodging        | 5 6 7 8 |  8.4
Stealth        | 5 6 7 8 |  8.2
Summonings     | 8 9 |  9.2

Action                   |  1- 3 |  4- 6 |  7- 9 | 10-12 || total
-------------------------+-------+-------+-------+-------++-------
Melee: Dagger            |    58 |    13 |       |       ||    71
       Bite              |     7 |     9 |     3 |    10 ||    29
       Spear             |       |    74 |    34 |       ||   108
       Halberd           |       |       |    18 |       ||    18
       Scimitar          |       |       |    13 |    55 ||    68
       Triple sword      |       |       |     4 |       ||     4
 Cast: Summon Small Mamm |    80 |    25 |     5 |     2 ||   112
       Call Imp          |       |    40 |    60 |    25 ||   125
       Call Canine Famil |       |    15 |    40 |    36 ||    91
       Summon Lightning  |       |       |    27 |    49 ||    76
       Summon Guardian G |       |       |     3 |    11 ||    14
       Summon Ice Beast  |       |       |       |    74 ||    74
       Airstrike         |       |       |       |    31 ||    31
Invok: Channel Magic     |       |       |       |     5 ||     5
Evoke: Wand              |       |       |     3 |     1 ||     4
  Use: Scroll            |       |     5 |     6 |     5 ||    16
       Potion            |       |       |       |     4 ||     4
 Stab: Sleeping          |     1 |     1 |       |       ||     2
       Distracted        |       |       |     4 |     2 ||     6
Armor: Robe              |    22 |     8 |     8 |    21 ||    59
Dodge: Dodged            |    67 |    69 |    74 |    86 ||   296
Block: Buckler           |       |       |       |    15 ||    15
       Rpst.: Scimitar   |       |       |       |    22 ||    22

Table legend: (Time is in decaauts)
 A = Elapsed time spent in this place.
 B = Non-inter-level travel time spent in this place.
 C = Inter-level travel time spent in this place.
 D = Time resting spent in this place.
 E = Time spent auto-exploring this place.
 F = Levels seen in this place.
 G = Mean time per level.
                   A        B        C        D        E       F      G
               +--------+--------+--------+--------+--------+-----+--------+
         Total |  15510 |  15097 |    413 |   1495 |  10333 |  14 | 1107.9 |
       Dungeon |  14523 |  14125 |    398 |   1094 |   9959 |  11 | 1320.3 |
        Temple |    234 |    221 |     13 |     89 |    129 |   1 |  234.0 |
          Lair |    217 |    217 |      0 |      0 |    110 |   1 |  217.0 |
       Volcano |    535 |    535 |      0 |    312 |    135 |   1 |  535.0 |
               +--------+--------+--------+--------+--------+-----+--------+

Top non-repeatable levels by time:
     D:5: 2397 daAuts
    D:11: 2304 daAuts
    D:10: 1742 daAuts
     D:2: 1619 daAuts
     D:3: 1139 daAuts
     D:7: 1051 daAuts
     D:9: 946 daAuts
     D:8: 893 daAuts
     D:4: 859 daAuts
     D:1: 849 daAuts
     D:6: 721 daAuts
 Volcano: 535 daAuts
  Temple: 234 daAuts
  Lair:1: 217 daAuts
